AoeStats
← Legend

Arena

510729147Analyzed
3v3 RM · 1d ago on Oct 2, 2026· 44m 44s· 6 players
Game mode
Random Map
Map size
Normal (6 player)
Population
200
Speed
Normal
Resources
Standard
Victory
Conquest
Starting age
Dark Age
Ending age
Imperial Age
RankedLock teamsTeams togetherTeam positionsShared explorationLock speedFull tech treeHidden civsTurbo modeCheats
Victory
Defeat
755
+12
🇨🇳 Mongols · China
740
+14
🇬🇷 Byzantines · Greece
609
+18
🇪🇬 Turks · Egypt
685
-15
🇨🇳 Italians · China
675
-15
🇧🇪 Persians · Belgium
636
-13
Legend
11:41 Feudal Age
20:31 Castle Age
18:31 Double-Bit Axe
19:33 Gold Mining
23:21 Gold Shaft Mining
23:58 Bow Saw
25:11 Fervor
28:30 Imperial Age
26:13 Horse Collar
27:04 Fletching
27:15 Padded Archer Armor
29:16 Gold Shaft Mining
29:01 Bodkin Arrow
29:22 Leather Archer Armor
31:57 Loom
32:48 Wheelbarrow
31:59 Town Watch
33:52 Forging
37:17 Hand Cart
37:50 Stone Mining
39:01 Town Patrol
41:14 Bracer
41:41 Squires
43:16 Bombard Tower
43:16 Ballistics
AlarmingSquid25
0:47 Loom
13:58 Feudal Age
19:08 Castle Age
17:04 Gold Mining
17:05 Stone Mining
17:05 Double-Bit Axe
17:37 Horse Collar
18:39 Wheelbarrow
18:10 Town Watch
20:59 Stone Shaft Mining
21:00 Gold Shaft Mining
20:38 Heavy Plow
22:00 Bow Saw
30:20 Imperial Age
28:52 Kamandaran
29:19 Fletching
29:38 Thumb Ring
29:00 Crossbowman
31:36 Padded Archer Armor
33:18 Chemistry
32:30 Masonry
604569544
1:08 Loom
16:06 Feudal Age
17:25 Town Watch
17:58 Double-Bit Axe
17:55 Horse Collar
21:55 Castle Age
21:26 Fletching
24:04 Bodkin Arrow
35:34 Imperial Age
35:06 Fortified Wall
37:17 Heavy Plow
38:53 Chemistry
38:04 Stone Mining
38:08 Gold Mining
44:00 Conscription
44:23 Wheelbarrow
Elentin
12:31 Feudal Age
17:38 Castle Age
16:07 Double-Bit Axe
16:25 Horse Collar
23:06 Bow Saw
24:31 Heavy Plow
26:41 Gold Mining
26:44 Stone Mining
35:55 Imperial Age
34:04 Wheelbarrow
33:17 Loom
34:07 Ballistics
33:44 Murder Holes
33:57 Husbandry
35:23 Fervor
35:26 Redemption
37:04 Conscription
36:56 Logistica
36:10 Elite Cataphract
37:58 Chemistry
36:39 Treadmill Crane
39:13 Hand Cart
40:12 Arson
40:29 Squires
40:17 Gambesons
40:53 Elite Varangian Guard
41:53 Forging
41:49 Scale Barding Armor
41:47 Scale Mail Armor
43:36 Arrowslits
44:14 Bombard Tower
44:18 Sanctity
王力姑宝小儿心
11:24 Feudal Age
14:55 Castle Age
14:08 Double-Bit Axe
14:05 Horse Collar
14:48 Heavy Plow
15:01 Bow Saw
23:02 Wheelbarrow
23:36 Two-Man Saw
23:14 Crop Rotation
24:02 Hand Cart
24:46 Gold Mining
25:04 Loom
26:26 Gold Shaft Mining
28:52 Imperial Age
26:55 Stone Mining
27:31 Devotion
27:34 Padded Archer Armor
28:18 Stone Shaft Mining
28:31 Ballistics
28:32 Leather Archer Armor
29:19 Two-Man Saw
30:28 Conscription
31:10 Chemistry
30:22 Scale Barding Armor
30:33 Burgundian Vineyards
30:48 Squires
31:50 Chain Barding Armor
30:58 Light Cavalry
31:41 Husbandry
31:48 Hussar
33:33 Plate Barding Armor
35:12 Forging
37:26 Iron Casting
39:44 Blast Furnace
此生必睡高思雯
8:36 Loom
10:25 Feudal Age
17:00 Castle Age
16:37 Loom
18:26 Scale Mail Armor
18:38 Forging
23:20 Double-Bit Axe
23:18 Horse Collar
27:25 Fletching
27:36 Padded Archer Armor
33:57 Wheelbarrow
37:35 Imperial Age
43:57 Hand Cart
Connection lost

Rejoining the realm…

Still unreachable

The connection could not be restored.

Session expired

The server has moved on; the page needs a fresh start.